cohdb
Replays
Latest Replays
All Replays
Popular Replays
Top Player Replays
Match Explorer
How It Works
Community
CoH3 Stats
Reddit
Sign in to upload your games and track your stats! →
Sign in with Steam
Match 40867373
Unlisted
Match 40867373
Overview
Messages
Build Orders
End
Royal Engineer Section
Royal Engineer Section
Selects Canadian Shock Battlegroup
Selects Canadian Shock Battlegroup
Royal Engineer Section
Construct Section Command Post
Construct Platoon Command Post
Humber Armored Car
Selects Attacking Spirit
Selects Canadian Shock Section
Canadian Shock Section
Construct Field Infirmary
Selects Incendiary Munitions
Infantry Training
Infantry Training
Infantry Training
Canadian Shock Section
CMP 15cwt Truck
Selects Pyrotechnics
Forward Retreat Point
Construct Company Command Post
Unlock M3 Grant Medium Tanks
M3 Grant Medium Tank
Selects Point Assault
M3 Grant Medium Tank
Armored Vehicle Training
Logan5
洛洛
EpikSkillz
IronPixie
如闪电般归来
SS fishburger division
Valdai
TivCat
0
0
Comments
sign in to comment!
No comments posted yet!